 Dungeon Crawl Stone Soup version 0.17-a0-1150-g17b0b87 (webtiles) character file.

36 Chiseanne the Skirmisher (level 3, -2/37 HPs)
             Began as a Draconian Wanderer on May 27, 2015.
             Slain by a gnoll
             ... wielding a +0 flail
              (8 damage)
             ... on level 2 of the Dungeon.
             The game lasted 00:02:40 (1401 turns).

Chiseanne the Skirmisher (Draconian Wanderer)       Turns: 1401, Time: 00:02:40

Health: -2/37      AC:  5    Str: 14    XL:     3   Next: 19%
Magic:  3/3        EV: 11    Int: 13    God:
Gold:   124        SH:  0    Dex: 10    Spells: 0 memorised, 2 levels left

rFire  . . .     SeeInvis .     a - +2 mace
rCold  . . .     Clarity  .     (armour unavailable)
rNeg   . . .     SustAt   .     (no shield)
rPois  .         Gourm    .     (helmet restricted)
rElec  .         Spirit   .     (no cloak)
rCorr  .         Warding  .     (no gloves)
rMut   .         Stasis   .     (no boots)
MR     .....                    (no amulet)
Stlth  +.........               (no ring)
                                (no ring)

@: not resistant to hostile enchantments, very unstealthy
A: unfitting armour, cold-blooded, AC +5
a: no special abilities


You were on level 2 of the Dungeon.
You were hungry.

You visited 1 branch of the dungeon, and saw 2 of its levels.

You collected 124 gold pieces.

Inventory:

Hand weapons
 a - a +2 mace (weapon)
 s - a +0 hand axe
Missiles
 e - 33 bolts
Scrolls
 h - a scroll of recharging {unknown}
 i - 2 scrolls of magic mapping
 j - a scroll of remove curse {unknown}
 k - a scroll of amnesia {unknown}
 l - a scroll of random uselessness {unknown}
 o - a scroll of enchant armour {unknown}
 p - a scroll of fear {unknown}
Potions
 c - 2 potions of curing
 f - a potion of agility {unknown}
 g - 2 potions of degeneration {unknown}
 m - a potion of heal wounds {unknown}
 n - a potion of haste {unknown}
Comestibles
 b - a meat ration
 d - 3 bread rations


   Skills:
 * Level 6.2 Fighting
 - Level 2.0 Maces & Flails
   Level 1.0 Crossbows
 * Level 1.2 Dodging
   Level 1.0 Shields
   Level 1.0 Evocations


You had 2 spell levels left.
You didn't know any spells.

Dungeon Overview and Level Annotations

Branches:
Dungeon (2/15)

Altars:
Cheibriados


Innate Abilities, Weirdness & Mutations

Your plain brown scales are hard (AC +5).
Your body does not fit into most forms of armour.
You are cold-blooded and may be slowed by cold attacks.


Message History

The gnoll is heavily wounded.
The gnoll hits you with a flail!
You completely miss the gnoll.
You tail-slap the gnoll, but do no damage.
The gnoll is heavily wounded.
The gnoll closely misses you.
You barely miss the gnoll.
The gnoll is heavily wounded.
The gnoll closely misses you.
You hit the gnoll.
The gnoll is severely wounded.
The gnoll hits you with a flail!
You barely miss the gnoll.
The gnoll is severely wounded.
The gnoll hits you with a flail!
* * * LOW HITPOINT WARNING * * *
You hit the gnoll.
The gnoll is almost dead.
The gnoll hits you with a flail!
You die...

#.......###..#...##.#
#......# ##.....##
#..##..##.# #<.....#
##...## #..##..##.#
##.##### ##'##
#.........# #.# ##..#
#####.##### #.#
###.#.##########.#
#.#
.................#
#.#
##.....#########.#
##.## #......# #@#
##...## #.#...## #g#
##.###.#### #.##..#
#K# #.## ##....
#.....# #r# #.# #....
####.## #o# #.##
##.##. #.# #.go$.#
##.###..### #.#
#g....# ##.).#.# #.#
######.._..#
#####.### #.#
#..<.#.....# #....


You could see a gnoll, 2 orcs, a hobgoblin, a kobold and a rat.

Vanquished Creatures
  A worm (D:2)
  2 giant cockroaches (D:1)
  3 hobgoblins
  5 kobolds
  A quokka (D:2)
  5 bats
  A giant newt (D:1)
  7 goblins
  2 jackals (D:1)
  4 rats
31 creatures vanquished.

Notes
Turn   | Place    | Note
--------------------------------------------------------------
     0 | D:1      | Chiseanne the Draconian Wanderer began the quest for the Orb.
     0 | D:1      | Chiseanne set off with: a +2 mace, a +0 hand axe, a potion of curing, a bread ration
     0 | D:1      | Reached XP level 1. HP: 23/23 MP: 1/1
   132 | D:1      | Reached XP level 2. HP: 10/30 MP: 2/2
   387 | D:1      | Reached skill level 6 in Fighting
   823 | D:2      | Reached skill level 1 in Dodging
  1101 | D:2      | Reached XP level 3. HP: 37/37 MP: 3/3
  1387 | D:2      | Found a snail-covered altar of Cheibriados.
  1401 | D:2      | Slain by a gnoll

Vault maps used:
D:1:      onia_arrival_pyramid
D:2:      cheibriados_altar_wand_db

Action                   || total
-------------------------++-------
Melee: Mace              ||    83
  Use: Scroll            ||     1
  Eat: Chunk             ||     1
